COLUMBUS vs OTTAWA

Created - Thursday, February 08, 2018 at 08:58

Goals
1 2 3 OT1 SO T
COLUMBUS 0 2 2 0 1 5
OTTAWA 0 0 4 0 0 4
Shots
1 2 3 OT1 SO T
COLUMBUS 3 17 9 3 3 32
OTTAWA 13 11 15 0 3 39

1st period

No Goal

Penalties :
Dustin Byfuglien (CBJ) for Holding (Minor) at 1:22, Leo Komarov (CBJ) for Holding (Minor) at 5:04, Eric Gryba (CBJ) for Hooking (Minor) at 16:10

2nd period

1. COLUMBUS , Aleksander Barkov 20 (Max Domi 6, Dustin Byfuglien 28) at 4:28
2. COLUMBUS , Brian Boyle 3 (Dustin Byfuglien 29, Jay Beagle 3) at 5:05

Penalties :
Zdeno Chara (OTT) for Hooking (Minor) at 6:51, Leo Komarov (CBJ) for Tripping (Minor) at 13:29, Zach Bogosian (OTT) for Slashing (Minor) at 17:19

3rd period

3. OTTAWA , Joe Pavelski 18 (Ryan Suter 25) at 6:27 (PP)
4. OTTAWA , Nick Foligno 16 (Jordan Eberle 9, Brandon Davidson 12) at 12:15
5. OTTAWA , Jonathan Toews 13 (Nick Foligno 17, Jordan Eberle 10) at 13:23
6. COLUMBUS , Max Domi 4 (Mattias Ekholm 16, Jacob Trouba 31) at 14:10
7. COLUMBUS , Ben Chiarot 3 (John Tavares 23) at 14:32
8. OTTAWA , Jonathan Toews 14 (Jordan Eberle 11, Nick Foligno 18) at 18:41

Penalties :
Eric Gryba (CBJ) for Hooking (Minor) at 5:23

Overtime #1

No Goal

Penalties :
No Penalty

Shootout

Penalty Shot by Dustin Byfuglien for COLUMBUS - Shot Misses the Net
Penalty Shot by Jiri Hudler for OTTAWA - Stopped by Keith Kinkaid
Penalty Shot by John Tavares for COLUMBUS - Goal!
Penalty Shot by Joe Pavelski for OTTAWA - Stopped by Keith Kinkaid
Penalty Shot by Aleksander Barkov for COLUMBUS - Stopped by Connor Hellebuyck
Penalty Shot by Jordan Eberle for OTTAWA - Stopped by Keith Kinkaid

Penalties :
No Penalty

Goalie Stats

Keith Kinkaid (CBJ), 35 saves from 39 shots - (0.897), W, 2-0-0, 65:00 minutes
Connor Hellebuyck (OTT), 28 saves from 32 shots - (0.875), OTL, 17-26-3, 65:00 minutes

Players Stats for COLUMBUS

Player Name              G  A  P  +/- PIM S  H  SB GA TA FO     MP     PP MP  PK MP  
------------------------------------------------------------------------------------
Aleksander Barkov        1  0  1   2  0   2  1  0  0  0  13/22  19:13   1:46   1:04 
Andre Burakovsky         0  0  0   0  0   1  0  0  0  0  0/1    18:29   2:12   0:00 
Ben Chiarot              1  0  1   1  0   1  1  1  0  0  0/0    13:18   0:00   0:54 
Brian Boyle              1  0  1   1  0   1  1  0  0  0  0/0     4:05   0:00   0:00 
Colton Sceviour          0  0  0   1  0   0  0  0  0  0  0/1     4:05   0:00   0:00 
Derek MacKenzie          0  0  0   0  0   0  0  0  0  0  0/0     0:00   0:00   0:00 
Dustin Byfuglien         0  2  2  -1  2   2  3  1  0  0  0/0    27:39   1:51   2:44 
Eric Gryba               0  0  0   1  4   0  1  0  0  0  0/0     3:52   0:00   0:32 
Jacob Trouba             0  1  1   1  0   1  3  1  0  0  0/0    23:30   2:07   4:50 
Jake McCabe              0  0  0   1  0   0  2  1  0  0  0/0    12:24   0:00   0:00 
Jaromir Jagr             0  0  0   2  0   4  2  0  0  0  0/0    18:09   1:46   0:00 
Jay Beagle               0  1  1   1  0   0  1  0  0  0  5/18    9:36   0:00   5:15 
John Carlson             0  0  0  -2  0   1  0  0  0  0  0/0    25:44   1:51   4:10 
John Tavares             0  1  1   0  0   6  2  0  0  0  19/31  21:47   2:12   0:00 
Jonathan Drouin          0  0  0   0  0   3  1  0  0  0  0/2    21:31   2:12   0:00 
Leo Komarov              0  0  0  -2  4   1  2  0  0  0  1/2    15:08   0:00   3:11 
Mark Letestu             0  0  0  -2  0   1  0  2  0  0  1/2    15:56   0:00   3:57 
Mattias Ekholm           0  1  1   1  0   2  0  1  0  0  0/0    23:30   2:07   4:50 
Max Domi                 1  1  2   2  0   3  2  0  0  0  1/1    18:40   1:46   2:13 
Radek Faksa              0  0  0  -2  0   3  2  0  0  0  10/15  14:19   0:00   2:20 

Players Stats for OTTAWA

Player Name              G  A  P  +/- PIM S  H  SB GA TA FO     MP     PP MP  PK MP  
------------------------------------------------------------------------------------
Andrew Ladd              0  0  0  -2  0   2  0  0  0  0  3/7    19:19   4:50   2:29 
Bogdan Yakimov           0  0  0   0  0   0  0  0  0  0  1/5     4:38   0:00   0:00 
Brandon Davidson         0  1  1   2  0   1  0  0  0  0  0/0    11:08   0:00   0:00 
Dean Kukan               0  0  0   0  0   0  0  0  0  0  0/0     0:00   0:00   0:00 
Dillon Simpson           0  0  0   0  0   0  0  0  0  0  0/0     5:42   0:00   0:00 
Dominik Simon            0  0  0  -1  0   0  0  0  0  0  4/12   14:29   0:00   0:43 
Eric Fehr                0  0  0  -2  0   2  1  1  0  0  0/0    16:50   4:50   0:00 
Jamie McBain             0  0  0   0  0   0  0  0  0  0  0/0     5:53   0:00   0:11 
Jeff Schultz             0  0  0   2  0   1  1  2  0  0  0/0    13:19   0:00   2:11 
Jiri Hudler              0  0  0  -1  0   2  0  2  0  0  0/3    14:31   0:00   0:06 
Joe Pavelski             1  0  1  -2  0   7  1  2  0  0  19/32  27:28   4:50   2:38 
Jonathan Toews           2  0  2   2  0   6  0  0  0  0  14/26  20:48   4:10   0:00 
Jordan Eberle            0  3  3   2  0   2  0  0  0  0  2/4    23:26   4:10   1:00 
Justin Schultz           0  0  0  -2  0   1  1  1  0  0  0/0    21:14   4:17   1:23 
Marcus Sorensen          0  0  0   0  0   1  0  0  0  0  0/1     4:38   0:00   0:00 
Nick Foligno             1  2  3   2  0   3  2  0  0  0  0/1    23:26   4:10   1:00 
Ryan Suter               0  1  1  -1  0   4  2  4  0  0  0/0    26:56   4:43   2:35 
Viktor Stalberg          0  0  0  -1  0   3  2  0  0  0  2/4    16:29   0:00   0:00 
Zach Bogosian            0  0  0  -2  2   2  0  0  0  0  0/0    20:20   4:17   0:30 
Zdeno Chara              0  0  0  -1  2   2  1  0  0  0  0/0    25:26   4:43   1:06 

3 Stars

1 - Nick Foligno (OTT)
2 - Jonathan Toews (OTT)
3 - Max Domi (CBJ)

Power Play

COLUMBUS - 0 on 2 Attempt(s) - 0.00%
OTTAWA - 1 on 5 Attempt(s) - 20.00%

Penalty Kill

COLUMBUS - 4 on 5 Attempt(s) - 80.00% - Score 0 goal in Penalty Kill
OTTAWA - 2 on 2 Attempt(s) - 100.00% - Score 0 goal in Penalty Kill

Team Stat

COLUMBUS - Hits : 24 - Faceoff Wins : 50 - Blocked Shots : 7 - Penalty Minutes : 10
OTTAWA - Hits : 11 - Faceoff Wins : 45 - Blocked Shots : 12 - Penalty Minutes : 4

Official

Referees : Unknown
Linesman : Unknown

Game Notes

No Game Note

Finance

Level 1 -- Attendance: 4760 (79.33%) -- Ticket Income $476,000
Level 2 -- Attendance: 3849 (76.98%) -- Ticket Income $230,940
Level 3 -- Attendance: 1790 (89.50%) -- Ticket Income $62,650
Level 4 -- Attendance: 4000 (100.00%) -- Ticket Income $80,000
Luxury Box -- Attendance: 700 (70.00%) -- Ticket Income $140,000
Game was played at the Canadian Tire Center.
Total Attendance: 15099 (83.88%)
Total Ticket Income: $989,590
Total Income: $989,590

COLUMBUS

5 vs 5 Forward 
   Center                   Left Wing                Right Wing               Time % Phy DF OF 
 1 John Tavares             Jonathan Drouin          Andre Burakovsky         35     0   1  4  
 2 Aleksander Barkov        Max Domi                 Jaromir Jagr             30     1   1  3  
 3 Radek Faksa              Leo Komarov              Mark Letestu             25     1   3  1  
 4 Jay Beagle               Colton Sceviour          Brian Boyle              10     1   3  1  

5 vs 5 Defense 
   Defense                  Defense                                           Time % Phy DF OF 
 1 Dustin Byfuglien         John Carlson                                      35     1   2  2  
 2 Jacob Trouba             Mattias Ekholm                                    30     1   2  2  
 3 Jake McCabe              Ben Chiarot                                       25     1   2  2  
 4 Eric Gryba               Dustin Byfuglien                                  10     1   2  2  

PowerPlay Forward 
   Center                   Left Wing                Right Wing               Time % Phy DF OF 
 1 John Tavares             Jonathan Drouin          Andre Burakovsky         60     0   0  5  
 2 Aleksander Barkov        Max Domi                 Jaromir Jagr             40     0   1  4  

PowerPlay Defense
   Defense                  Defense                                           Time % Phy DF OF 
 1 Dustin Byfuglien         John Carlson                                      60     1   2  2  
 2 Jacob Trouba             Mattias Ekholm                                    40     1   2  2  

Penalty Kill 4 Players Forward 
   Center                   Wing                     Time % Phy DF OF 
 1 Jay Beagle               Leo Komarov              60     1   3  1  
 2 Radek Faksa              Mark Letestu             40     1   3  1  

Penalty Kill 4 Players Defense
   Defense                  Defense                  Time % Phy DF OF 
 1 Dustin Byfuglien         John Carlson             60     1   3  1  
 2 Jacob Trouba             Mattias Ekholm           40     1   3  1  

Penalty Kill - 3 Players Forward 
   Forward                                           Time % Phy DF OF 
 1 Jay Beagle                                        60     1   4  0  
 2 Radek Faksa                                       40     1   4  0  

Penalty Kill - 3 Players Defense
   Defense                  Defense                  Time % Phy DF OF 
 1 Dustin Byfuglien         John Carlson             60     1   4  0  
 2 Jacob Trouba             Mattias Ekholm           40     1   4  0  

4 vs 4 Forward 
   Center                   Wing                     Time % Phy DF OF 
 1 John Tavares             Jonathan Drouin          60     1   2  2  
 2 Aleksander Barkov        Jaromir Jagr             40     1   2  2  

4 vs 4 Defense
   Defense                  Defense                  Time % Phy DF OF 
 1 Dustin Byfuglien         John Carlson             60     1   2  2  
 2 Jacob Trouba             Mattias Ekholm           40     1   2  2  

Last Minutes Offensive
   Center                   Left Wing                Right Wing               Defense                  Defense                  
   John Tavares             Jonathan Drouin          Jaromir Jagr             Dustin Byfuglien         John Carlson             

Last Minutes Defensive
   Center                   Left Wing                Right Wing               Defense                  Defense                  
   Jay Beagle               Leo Komarov              Mark Letestu             Dustin Byfuglien         John Carlson             

Goaltenders
Starting : Keith Kinkaid            
Backup : Corey Crawford           

Extra Forwards
Normal : Jay Beagle, Derek MacKenzie, Mark Letestu - PP : Jay Beagle, Derek MacKenzie - PK : Mark Letestu
Extra Defensemen
Normal : Jake McCabe, Ben Chiarot, Eric Gryba - PP : Jake McCabe - PK : Ben Chiarot, Eric Gryba
Penalty Shots
Dustin Byfuglien, John Tavares, Aleksander Barkov, Jonathan Drouin, Jaromir Jagr

Scratches
Curtis Lazar (Healthy), CBJ CAP HIT (Suspend)

OTTAWA

5 vs 5 Forward 
   Center                   Left Wing                Right Wing               Time % Phy DF OF 
 1 Jonathan Toews           Nick Foligno             Jordan Eberle            35     1   2  2  
 2 Joe Pavelski             Andrew Ladd              Eric Fehr                30     1   2  2  
 3 Dominik Simon            Jiri Hudler              Viktor Stalberg          25     1   2  2  
 4 Bogdan Yakimov           Marcus Sorensen          Joe Pavelski             10     1   2  2  

5 vs 5 Defense 
   Defense                  Defense                                           Time % Phy DF OF 
 1 Ryan Suter               Zdeno Chara                                       35     1   2  2  
 2 Justin Schultz           Zach Bogosian                                     30     1   2  2  
 3 Brandon Davidson         Jeff Schultz                                      25     1   2  2  
 4 Jamie McBain             Dillon Simpson                                    10     1   2  2  

PowerPlay Forward 
   Center                   Left Wing                Right Wing               Time % Phy DF OF 
 1 Jonathan Toews           Nick Foligno             Jordan Eberle            60     1   2  2  
 2 Joe Pavelski             Andrew Ladd              Eric Fehr                40     1   2  2  

PowerPlay Defense
   Defense                  Defense                                           Time % Phy DF OF 
 1 Ryan Suter               Zdeno Chara                                       60     1   2  2  
 2 Justin Schultz           Zach Bogosian                                     40     1   2  2  

Penalty Kill 4 Players Forward 
   Center                   Wing                     Time % Phy DF OF 
 1 Andrew Ladd              Joe Pavelski             60     1   2  2  
 2 Jordan Eberle            Nick Foligno             40     1   2  2  

Penalty Kill 4 Players Defense
   Defense                  Defense                  Time % Phy DF OF 
 1 Ryan Suter               Zdeno Chara              60     1   2  2  
 2 Justin Schultz           Zach Bogosian            40     1   2  2  

Penalty Kill - 3 Players Forward 
   Forward                                           Time % Phy DF OF 
 1 Nick Foligno                                      60     1   2  2  
 2 Joe Pavelski                                      40     1   2  2  

Penalty Kill - 3 Players Defense
   Defense                  Defense                  Time % Phy DF OF 
 1 Ryan Suter               Zdeno Chara              60     1   2  2  
 2 Justin Schultz           Zach Bogosian            40     1   2  2  

4 vs 4 Forward 
   Center                   Wing                     Time % Phy DF OF 
 1 Viktor Stalberg          Joe Pavelski             60     1   2  2  
 2 Jordan Eberle            Nick Foligno             40     1   2  2  

4 vs 4 Defense
   Defense                  Defense                  Time % Phy DF OF 
 1 Ryan Suter               Zdeno Chara              60     1   2  2  
 2 Justin Schultz           Zach Bogosian            40     1   2  2  

Last Minutes Offensive
   Center                   Left Wing                Right Wing               Defense                  Defense                  
   Jonathan Toews           Nick Foligno             Jordan Eberle            Ryan Suter               Zdeno Chara              

Last Minutes Defensive
   Center                   Left Wing                Right Wing               Defense                  Defense                  
   Jonathan Toews           Nick Foligno             Jordan Eberle            Ryan Suter               Zdeno Chara              

Goaltenders
Starting : Connor Hellebuyck        
Backup : Carter Hutton            

Extra Forwards
Normal : Viktor Stalberg, Jiri Hudler, Dominik Simon - PP : Viktor Stalberg, Jiri Hudler - PK : Dominik Simon
Extra Defensemen
Normal : Brandon Davidson, Jeff Schultz, Jamie McBain - PP : Brandon Davidson - PK : Jeff Schultz, Jamie McBain
Penalty Shots
Jiri Hudler, Joe Pavelski, Jordan Eberle, Nick Foligno, Andrew Ladd

Scratches
Laurent Brossoit (Healthy)

% Time on Ice - COLUMBUS

Lines # - Real PCT - Wanted PCT - Time Play
Normal Forward
1 - 35% - 35% - 16:17
2 - 31% - 30% - 14:41
3 - 25% - 25% - 11:59
4 - 9% - 10% - 4:05
Normal Defense
1 - 36% - 35% - 16:50
2 - 31% - 30% - 14:26
3 - 26% - 25% - 12:24
4 - 7% - 10% - 3:22
PP Forward
1 - 55% - 60% - 2:12
2 - 45% - 40% - 1:46
PP Defense
1 - 47% - 60% - 1:51
2 - 53% - 40% - 2:07
PK Forward
1 - 74% - 60% - 6:40
2 - 26% - 40% - 2:20
PK Defense
1 - 46% - 60% - 4:10
2 - 54% - 40% - 4:50
PK3 Forward
1 - 0% - 60%
2 - 0% - 40%
PK3 Defense
1 - 0% - 60%
2 - 0% - 40%
44 Forward
1 - 66% - 60% - 3:18
2 - 34% - 40% - 1:42
44 Defense
1 - 58% - 60% - 2:53
2 - 42% - 40% - 2:07
Last Minute Offensive  - 0:00
Last Minute Defensive  - 0:00
Total
Forward - 65:00
Defense - 65:00

% Time on Ice - OTTAWA

Lines # - Real PCT - Wanted PCT - Time Play
Normal Forward
1 - 35% - 35% - 16:38
2 - 26% - 30% - 12:00
3 - 29% - 25% - 13:46
4 - 10% - 10% - 4:38
Normal Defense
1 - 35% - 35% - 16:41
2 - 29% - 30% - 13:31
3 - 24% - 25% - 11:08
4 - 12% - 10% - 5:42
PP Forward
1 - 46% - 60% - 4:10
2 - 54% - 40% - 4:50
PP Defense
1 - 52% - 60% - 4:43
2 - 48% - 40% - 4:17
PK Forward
1 - 75% - 60% - 2:58
2 - 25% - 40% - 1:00
PK Defense
1 - 65% - 60% - 2:35
2 - 35% - 40% - 1:23
PK3 Forward
1 - 0% - 60%
2 - 0% - 40%
PK3 Defense
1 - 0% - 60%
2 - 0% - 40%
44 Forward
1 - 67% - 60% - 3:22
2 - 33% - 40% - 1:38
44 Defense
1 - 59% - 60% - 2:57
2 - 41% - 40% - 2:03
Last Minute Offensive  - 0:00
Last Minute Defensive  - 0:00
Total
Forward - 65:00
Defense - 65:00

Play by Play

1st period


0:01 of 1st period - John Tavares wins face-off versus Jonathan Toews in neutral zone.
0:12 of 1st period - Icing by Ryan Suter.
0:13 of 1st period - Aleksander Barkov wins face-off versus Jonathan Toews in OTTAWA zone.
0:18 of 1st period - Shot by Jaromir Jagr.
0:18 of 1st period - Shot Blocked by Ryan Suter.
0:27 of 1st period - Icing by Jacob Trouba.
0:28 of 1st period - Aleksander Barkov wins face-off versus Joe Pavelski in COLUMBUS zone.
0:51 of 1st period - Shot by Joe Pavelski.
0:51 of 1st period - Stopped by Keith Kinkaid without a rebound.
0:52 of 1st period - Radek Faksa wins face-off versus Jiri Hudler in COLUMBUS zone.
1:09 of 1st period - Shot by Leo Komarov.
1:09 of 1st period - Stopped by Connor Hellebuyck without a rebound.
1:10 of 1st period - John Tavares wins face-off versus Bogdan Yakimov in OTTAWA zone.
1:11 of 1st period - Shot by Andre Burakovsky.
1:11 of 1st period - Shot Blocked by Joe Pavelski.
1:17 of 1st period - Shot by Joe Pavelski.
1:17 of 1st period - Deflect By Bogdan Yakimov.
1:17 of 1st period - Shot Misses the Net.
1:19 of 1st period - Shot by Marcus Sorensen.
1:19 of 1st period - Shot Misses the Net.
1:21 of 1st period - Shot by Bogdan Yakimov.
1:21 of 1st period - Shot Misses the Net.
1:22 of 1st period - Minor Penalty to Dustin Byfuglien for Holding.
1:23 of 1st period - Jonathan Toews wins face-off versus Jay Beagle in COLUMBUS zone.
1:24 of 1st period - Shot by Nick Foligno.
1:24 of 1st period - Shot Misses the Net.
1:26 of 1st period - Shot by Jonathan Toews.
1:26 of 1st period - Stopped by Keith Kinkaid without a rebound.
1:27 of 1st period - Jay Beagle wins face-off versus Jonathan Toews in COLUMBUS zone.
1:50 of 1st period - Shot by Ryan Suter.
1:50 of 1st period - Stopped by Keith Kinkaid without a rebound.
1:51 of 1st period - Joe Pavelski wins face-off versus Radek Faksa in COLUMBUS zone.
1:52 of 1st period - Shot by Zach Bogosian.
1:52 of 1st period - Shot Misses the Net.
2:02 of 1st period - Shot by Zach Bogosian.
2:02 of 1st period - Shot Misses the Net.
3:05 of 1st period - Shot by Zdeno Chara.
3:05 of 1st period - Shot Misses the Net.
3:07 of 1st period - Shot by Jonathan Toews.
3:07 of 1st period - Shot Misses the Net.
3:13 of 1st period - Shot by Zdeno Chara.
3:13 of 1st period - Shot Misses the Net.
3:44 of 1st period - John Tavares is hit by Viktor Stalberg and loses puck.
3:51 of 1st period - Shot by Jiri Hudler.
3:51 of 1st period - Stopped by Keith Kinkaid without a rebound.
3:52 of 1st period - Joe Pavelski wins face-off versus Aleksander Barkov in COLUMBUS zone.
4:12 of 1st period - Icing by Bogdan Yakimov.
4:13 of 1st period - Bogdan Yakimov wins face-off versus Colton Sceviour in OTTAWA zone.
5:04 of 1st period - Minor Penalty to Leo Komarov for Holding.
5:05 of 1st period - Joe Pavelski wins face-off versus Jay Beagle in COLUMBUS zone.
6:34 of 1st period - Off-side.
6:35 of 1st period - Radek Faksa wins face-off versus Joe Pavelski in neutral zone.
6:58 of 1st period - Shot by Andrew Ladd.
6:58 of 1st period - Stopped by Keith Kinkaid without a rebound.
6:59 of 1st period - Jonathan Toews wins face-off versus Jay Beagle in COLUMBUS zone.
7:02 of 1st period - Shot by Jordan Eberle.
7:02 of 1st period - Stopped by Keith Kinkaid without a rebound.
7:03 of 1st period - Jonathan Toews wins face-off versus Jay Beagle in COLUMBUS zone.
7:06 of 1st period - Shot by Viktor Stalberg.
7:06 of 1st period - Stopped by Keith Kinkaid without a rebound.
7:07 of 1st period - Jonathan Toews wins face-off versus John Tavares in COLUMBUS zone.
7:25 of 1st period - Shot by Jonathan Toews.
7:25 of 1st period - Deflect By Jordan Eberle.
7:25 of 1st period - Stopped by Keith Kinkaid without a rebound.
7:26 of 1st period - Radek Faksa wins face-off versus Dominik Simon in COLUMBUS zone.
7:59 of 1st period - Icing by Zach Bogosian.
8:00 of 1st period - Dominik Simon wins face-off versus John Tavares in OTTAWA zone.
8:00 of 1st period - Dominik Simon is hit by John Tavares.
8:43 of 1st period - Shot by Jonathan Drouin.
8:43 of 1st period - Stopped by Connor Hellebuyck without a rebound.
8:44 of 1st period - Aleksander Barkov wins face-off versus Joe Pavelski in OTTAWA zone.
9:42 of 1st period - Icing by John Carlson.
9:43 of 1st period - Jonathan Toews wins face-off versus Aleksander Barkov in COLUMBUS zone.
10:02 of 1st period - Shot by Jonathan Toews.
10:02 of 1st period - Shot Misses the Net.
10:04 of 1st period - Shot by Nick Foligno.
10:04 of 1st period - Deflect By Jonathan Toews.
10:04 of 1st period - Stopped by Keith Kinkaid without a rebound.
10:05 of 1st period - Joe Pavelski wins face-off versus Radek Faksa in COLUMBUS zone.
11:21 of 1st period - Shot by John Tavares.
11:21 of 1st period - Shot Misses the Net.
11:37 of 1st period - Shot by John Tavares.
11:37 of 1st period - Shot Blocked by Ryan Suter.
12:13 of 1st period - Shot by Brian Boyle.
12:13 of 1st period - Shot Misses the Net.
12:19 of 1st period - Shot by Brandon Davidson.
12:19 of 1st period - Stopped by Keith Kinkaid without a rebound.
12:20 of 1st period - Joe Pavelski wins face-off versus Aleksander Barkov in COLUMBUS zone.
12:52 of 1st period - Eric Fehr is hit by Max Domi and loses puck.
12:58 of 1st period - Off-side.
12:59 of 1st period - John Tavares wins face-off versus Dominik Simon in neutral zone.
14:26 of 1st period - Shot by Mark Letestu.
14:26 of 1st period - Shot Misses the Net.
15:17 of 1st period - Shot by Jaromir Jagr.
15:17 of 1st period - Stopped by Connor Hellebuyck without a rebound.
15:18 of 1st period - Joe Pavelski wins face-off versus Jay Beagle in OTTAWA zone.
15:38 of 1st period - Shot by Joe Pavelski.
15:38 of 1st period - Shot Blocked by Jake McCabe.
15:40 of 1st period - Shot by Eric Fehr.
15:40 of 1st period - Shot Misses the Net.
15:42 of 1st period - Shot by Eric Fehr.
15:42 of 1st period - Stopped by Keith Kinkaid without a rebound.
15:43 of 1st period - Aleksander Barkov wins face-off versus Bogdan Yakimov in COLUMBUS zone.
15:43 of 1st period - Aleksander Barkov is hit by Joe Pavelski.
15:56 of 1st period - Ryan Suter is hit by Max Domi and loses puck.
16:02 of 1st period - Ryan Suter is hit by Jaromir Jagr and loses puck.
16:06 of 1st period - Zdeno Chara is hit by Eric Gryba and loses puck.
16:10 of 1st period - Minor Penalty to Eric Gryba for Hooking.
16:11 of 1st period - Joe Pavelski wins face-off versus Jay Beagle in COLUMBUS zone.
16:24 of 1st period - Shot by Zach Bogosian.
16:24 of 1st period - Shot Misses the Net.
16:26 of 1st period - Shot by Zach Bogosian.
16:26 of 1st period - Stopped by Keith Kinkaid without a rebound.
16:27 of 1st period - Jonathan Toews wins face-off versus Jay Beagle in COLUMBUS zone.
16:41 of 1st period - Icing by Jordan Eberle.
16:42 of 1st period - Jay Beagle wins face-off versus Jonathan Toews in OTTAWA zone.
17:05 of 1st period - Shot by Ryan Suter.
17:05 of 1st period - Stopped by Keith Kinkaid without a rebound.
17:06 of 1st period - Joe Pavelski wins face-off versus Radek Faksa in COLUMBUS zone.
17:09 of 1st period - Shot by Joe Pavelski.
17:09 of 1st period - Shot Blocked by Mattias Ekholm.
17:11 of 1st period - Shot by Andrew Ladd.
17:11 of 1st period - Shot Misses the Net.
17:13 of 1st period - Shot by Joe Pavelski.
17:13 of 1st period - Shot Blocked by Mark Letestu.
17:35 of 1st period - Shot by Zach Bogosian.
17:35 of 1st period - Shot Misses the Net.
17:37 of 1st period - Shot by Zach Bogosian.
17:37 of 1st period - Shot Misses the Net.
18:44 of 1st period - Shot by John Tavares.
18:44 of 1st period - Shot Blocked by Jeff Schultz.
Goals for this period are 0 for COLUMBUS vs 0 for OTTAWA.
Shots for this period are 3 for COLUMBUS vs 13 for OTTAWA.

2nd period


0:01 of 2nd period - Radek Faksa wins face-off versus Joe Pavelski in neutral zone.
0:08 of 2nd period - Shot by Leo Komarov.
0:08 of 2nd period - Deflect By Mark Letestu.
0:08 of 2nd period - Stopped by Connor Hellebuyck without a rebound.
0:09 of 2nd period - John Tavares wins face-off versus Nick Foligno in OTTAWA zone.
0:18 of 2nd period - Shot by Jonathan Toews.
0:18 of 2nd period - Stopped by Keith Kinkaid with a rebound.
1:15 of 2nd period - Off-side.
1:16 of 2nd period - Aleksander Barkov wins face-off versus Joe Pavelski in neutral zone.
1:21 of 2nd period - Shot by Aleksander Barkov.
1:21 of 2nd period - Shot Blocked by Ryan Suter.
1:43 of 2nd period - Shot by Zdeno Chara.
1:43 of 2nd period - Shot Blocked by Ben Chiarot.
1:45 of 2nd period - Shot by Eric Fehr.
1:45 of 2nd period - Shot Misses the Net.
1:47 of 2nd period - Shot by Eric Fehr.
1:47 of 2nd period - Stopped by Keith Kinkaid without a rebound.
1:48 of 2nd period - Radek Faksa wins face-off versus Dominik Simon in COLUMBUS zone.
1:53 of 2nd period - Jiri Hudler is hit by Radek Faksa and loses puck.
2:15 of 2nd period - Shot by Viktor Stalberg.
2:15 of 2nd period - Stopped by Keith Kinkaid without a rebound.
2:16 of 2nd period - John Tavares wins face-off versus Jonathan Toews in COLUMBUS zone.
2:40 of 2nd period - Off-side.
2:41 of 2nd period - Leo Komarov wins face-off versus Joe Pavelski in neutral zone.
3:09 of 2nd period - Justin Schultz is hit by Jacob Trouba and loses puck.
3:19 of 2nd period - Joe Pavelski is hit by Jacob Trouba and loses puck.
3:24 of 2nd period - Shot by Joe Pavelski.
3:24 of 2nd period - Shot Misses the Net.
4:06 of 2nd period - Shot by Aleksander Barkov.
4:06 of 2nd period - Shot Misses the Net.
4:28 of 2nd period - Shot by Aleksander Barkov.
4:28 of 2nd period - Goal by Aleksander Barkov - COLUMBUS : 1 - OTTAWA : 0.
4:29 of 2nd period - John Tavares wins face-off versus Dominik Simon in neutral zone.
4:29 of 2nd period - Jonathan Drouin is hit by Viktor Stalberg and loses puck.
4:42 of 2nd period - Viktor Stalberg is hit by Jake McCabe and loses puck.
4:47 of 2nd period - Shot by Jiri Hudler.
4:47 of 2nd period - Shot Misses the Net.
4:49 of 2nd period - Shot by Jeff Schultz.
4:49 of 2nd period - Stopped by Keith Kinkaid without a rebound.
4:50 of 2nd period - Joe Pavelski wins face-off versus Jay Beagle in COLUMBUS zone.
5:05 of 2nd period - Shot by Brian Boyle.
5:05 of 2nd period - Goal by Brian Boyle - COLUMBUS : 2 - OTTAWA : 0.
5:06 of 2nd period - Dominik Simon wins face-off versus Jonathan Drouin in neutral zone.
5:28 of 2nd period - Shot by Jonathan Drouin.
5:28 of 2nd period - Shot Blocked by Jeff Schultz.
5:30 of 2nd period - Shot by John Tavares.
5:30 of 2nd period - Stopped by Connor Hellebuyck without a rebound.
5:31 of 2nd period - Aleksander Barkov wins face-off versus Joe Pavelski in OTTAWA zone.
5:45 of 2nd period - Joe Pavelski is hit by Dustin Byfuglien and loses puck.
6:00 of 2nd period - Shot by Joe Pavelski.
6:00 of 2nd period - Shot Misses the Net.
6:02 of 2nd period - Shot by Justin Schultz.
6:02 of 2nd period - Shot Misses the Net.
6:04 of 2nd period - Shot by Eric Fehr.
6:04 of 2nd period - Shot Misses the Net.
6:29 of 2nd period - Mattias Ekholm is hit by Justin Schultz and loses puck.
6:38 of 2nd period - Shot by John Tavares.
6:38 of 2nd period - Shot Blocked by Eric Fehr.
6:40 of 2nd period - Shot by Mattias Ekholm.
6:40 of 2nd period - Stopped by Connor Hellebuyck without a rebound.
6:41 of 2nd period - Jonathan Toews wins face-off versus Radek Faksa in OTTAWA zone.
6:41 of 2nd period - Jonathan Toews is hit by Leo Komarov.
6:51 of 2nd period - Minor Penalty to Zdeno Chara for Hooking.
6:52 of 2nd period - Dominik Simon wins face-off versus John Tavares in OTTAWA zone.
6:52 of 2nd period - Dominik Simon is hit by John Tavares.
7:07 of 2nd period - Shot by Jacob Trouba.
7:07 of 2nd period - Shot Misses the Net.
7:09 of 2nd period - Shot by Mattias Ekholm.
7:09 of 2nd period - Stopped by Connor Hellebuyck without a rebound.
7:10 of 2nd period - Andrew Ladd wins face-off versus Aleksander Barkov in OTTAWA zone.
7:10 of 2nd period - Ryan Suter is hit by Aleksander Barkov and loses puck.
7:15 of 2nd period - Shot by Aleksander Barkov.
7:15 of 2nd period - Stopped by Connor Hellebuyck with a rebound.
7:17 of 2nd period - Shot by Aleksander Barkov.
7:17 of 2nd period - Shot Misses the Net.
7:19 of 2nd period - Shot by John Carlson.
7:19 of 2nd period - Shot Misses the Net.
7:21 of 2nd period - Shot by Dustin Byfuglien.
7:21 of 2nd period - Shot Blocked by Ryan Suter.
7:23 of 2nd period - Shot by Max Domi.
7:23 of 2nd period - Stopped by Connor Hellebuyck without a rebound.
7:24 of 2nd period - John Tavares wins face-off versus Andrew Ladd in OTTAWA zone.
7:24 of 2nd period - John Carlson is hit by Ryan Suter and loses puck.
7:32 of 2nd period - John Tavares is hit by Ryan Suter and loses puck.
7:46 of 2nd period - Andre Burakovsky is hit by Jeff Schultz and loses puck.
8:09 of 2nd period - Shot by John Carlson.
8:09 of 2nd period - Stopped by Connor Hellebuyck without a rebound.
8:10 of 2nd period - Aleksander Barkov wins face-off versus Jordan Eberle in OTTAWA zone.
8:59 of 2nd period - Shot by Radek Faksa.
8:59 of 2nd period - Stopped by Connor Hellebuyck with a rebound.
9:01 of 2nd period - Shot by Radek Faksa.
9:01 of 2nd period - Stopped by Connor Hellebuyck with a rebound.
9:13 of 2nd period - Shot by Radek Faksa.
9:13 of 2nd period - Shot Hit the Post.
9:21 of 2nd period - Shot by Leo Komarov.
9:21 of 2nd period - Shot Misses the Net.
9:23 of 2nd period - Shot by Leo Komarov.
9:23 of 2nd period - Shot Blocked by Jiri Hudler.
10:49 of 2nd period - Shot by Max Domi.
10:49 of 2nd period - Stopped by Connor Hellebuyck without a rebound.
10:50 of 2nd period - Jay Beagle wins face-off versus Joe Pavelski in OTTAWA zone.
11:11 of 2nd period - Shot by Joe Pavelski.
11:11 of 2nd period - Shot Misses the Net.
12:15 of 2nd period - Shot by Nick Foligno.
12:15 of 2nd period - Stopped by Keith Kinkaid without a rebound.
12:16 of 2nd period - John Tavares wins face-off versus Jonathan Toews in COLUMBUS zone.
13:00 of 2nd period - Shot by Jonathan Drouin.
13:00 of 2nd period - Shot Misses the Net.
13:29 of 2nd period - Minor Penalty to Leo Komarov for Tripping.
13:30 of 2nd period - Jay Beagle wins face-off versus Joe Pavelski in COLUMBUS zone.
13:30 of 2nd period - Jay Beagle is hit by Eric Fehr.
13:46 of 2nd period - Shot by Joe Pavelski.
13:46 of 2nd period - Shot Misses the Net.
13:50 of 2nd period - Shot by Ryan Suter.
13:50 of 2nd period - Stopped by Keith Kinkaid without a rebound.
13:51 of 2nd period - Jay Beagle wins face-off versus Joe Pavelski in COLUMBUS zone.
14:06 of 2nd period - Shot by Justin Schultz.
14:06 of 2nd period - Shot Blocked by Jacob Trouba.
14:23 of 2nd period - Joe Pavelski is hit by Jay Beagle and loses puck.
14:45 of 2nd period - Icing by Ryan Suter.
14:46 of 2nd period - Jonathan Toews wins face-off versus Jay Beagle in OTTAWA zone.
15:36 of 2nd period - Jiri Hudler is hit by Ben Chiarot.
15:43 of 2nd period - Off-side.
15:44 of 2nd period - Radek Faksa wins face-off versus Bogdan Yakimov in neutral zone.
16:03 of 2nd period - Shot by Joe Pavelski.
16:03 of 2nd period - Shot Blocked by Dustin Byfuglien.
16:05 of 2nd period - Shot by Joe Pavelski.
16:05 of 2nd period - Stopped by Keith Kinkaid without a rebound.
16:06 of 2nd period - John Tavares wins face-off versus Dominik Simon in COLUMBUS zone.
16:12 of 2nd period - Icing by Jonathan Drouin.
16:13 of 2nd period - Dominik Simon wins face-off versus John Tavares in COLUMBUS zone.
16:29 of 2nd period - Shot by Viktor Stalberg.
16:29 of 2nd period - Stopped by Keith Kinkaid without a rebound.
16:30 of 2nd period - Joe Pavelski wins face-off versus Aleksander Barkov in COLUMBUS zone.
16:37 of 2nd period - Shot by Joe Pavelski.
16:37 of 2nd period - Stopped by Keith Kinkaid with a rebound.
16:39 of 2nd period - Shot by Andrew Ladd.
16:39 of 2nd period - Stopped by Keith Kinkaid without a rebound.
16:40 of 2nd period - Radek Faksa wins face-off versus Jonathan Toews in COLUMBUS zone.
17:00 of 2nd period - Shot by Nick Foligno.
17:00 of 2nd period - Stopped by Keith Kinkaid without a rebound.
17:01 of 2nd period - Aleksander Barkov wins face-off versus Joe Pavelski in COLUMBUS zone.
17:19 of 2nd period - Minor Penalty to Zach Bogosian for Slashing.
17:20 of 2nd period - John Tavares wins face-off versus Andrew Ladd in OTTAWA zone.
17:22 of 2nd period - Jonathan Drouin is hit by Zdeno Chara and loses puck.
17:37 of 2nd period - Shot by Mattias Ekholm.
17:37 of 2nd period - Shot Misses the Net.
17:47 of 2nd period - Shot by John Tavares.
17:47 of 2nd period - Deflect By Jonathan Drouin.
17:47 of 2nd period - Shot Misses the Net.
17:49 of 2nd period - Shot by Andre Burakovsky.
17:49 of 2nd period - Stopped by Connor Hellebuyck without a rebound.
17:50 of 2nd period - Aleksander Barkov wins face-off versus Andrew Ladd in OTTAWA zone.
17:51 of 2nd period - Shot by Dustin Byfuglien.
17:51 of 2nd period - Shot Misses the Net.
17:55 of 2nd period - Shot by Dustin Byfuglien.
17:55 of 2nd period - Stopped by Connor Hellebuyck without a rebound.
17:56 of 2nd period - Andrew Ladd wins face-off versus Aleksander Barkov in OTTAWA zone.
18:14 of 2nd period - Shot by Dustin Byfuglien.
18:14 of 2nd period - Stopped by Connor Hellebuyck without a rebound.
18:15 of 2nd period - John Tavares wins face-off versus Andrew Ladd in OTTAWA zone.
18:52 of 2nd period - Shot by Jacob Trouba.
18:52 of 2nd period - Stopped by Connor Hellebuyck without a rebound.
18:53 of 2nd period - Andrew Ladd wins face-off versus Aleksander Barkov in OTTAWA zone.
19:44 of 2nd period - Shot by Radek Faksa.
19:44 of 2nd period - Shot Misses the Net.
19:46 of 2nd period - Shot by Radek Faksa.
19:46 of 2nd period - Stopped by Connor Hellebuyck without a rebound.
19:47 of 2nd period - Jonathan Toews wins face-off versus Andre Burakovsky in OTTAWA zone.
Goals for this period are 2 for COLUMBUS vs 0 for OTTAWA.
Shots for this period are 17 for COLUMBUS vs 11 for OTTAWA.

3rd period


0:01 of 3rd period - Aleksander Barkov wins face-off versus Joe Pavelski in neutral zone.
0:23 of 3rd period - Joe Pavelski is hit by Jacob Trouba.
0:31 of 3rd period - Shot by Andrew Ladd.
0:31 of 3rd period - Deflect By Joe Pavelski.
0:31 of 3rd period - Stopped by Keith Kinkaid without a rebound.
0:32 of 3rd period - John Tavares wins face-off versus Jonathan Toews in COLUMBUS zone.
0:40 of 3rd period - John Carlson is hit by Nick Foligno and loses puck.
0:45 of 3rd period - Shot by John Tavares.
0:45 of 3rd period - Shot Misses the Net.
0:47 of 3rd period - Shot by John Tavares.
0:47 of 3rd period - Stopped by Connor Hellebuyck with a rebound.
2:37 of 3rd period - Viktor Stalberg is hit by Jake McCabe and loses puck.
3:06 of 3rd period - Icing by Radek Faksa.
3:07 of 3rd period - Radek Faksa wins face-off versus Marcus Sorensen in COLUMBUS zone.
3:18 of 3rd period - Jamie McBain is hit by Radek Faksa and loses puck.
4:51 of 3rd period - Justin Schultz is hit by Brian Boyle.
4:52 of 3rd period - Icing by Justin Schultz.
4:53 of 3rd period - Max Domi wins face-off versus Dominik Simon in OTTAWA zone.
4:58 of 3rd period - Shot by Aleksander Barkov.
4:58 of 3rd period - Deflect By Jaromir Jagr.
4:58 of 3rd period - Shot Blocked by Justin Schultz.
5:12 of 3rd period - Shot by Aleksander Barkov.
5:12 of 3rd period - Deflect By Jaromir Jagr.
5:12 of 3rd period - Stopped by Connor Hellebuyck with a rebound.
5:23 of 3rd period - Minor Penalty to Eric Gryba for Hooking.
5:24 of 3rd period - Joe Pavelski wins face-off versus Jay Beagle in COLUMBUS zone.
5:25 of 3rd period - Shot by Ryan Suter.
5:25 of 3rd period - Shot Misses the Net.
5:27 of 3rd period - Shot by Ryan Suter.
5:27 of 3rd period - Stopped by Keith Kinkaid without a rebound.
5:28 of 3rd period - Joe Pavelski wins face-off versus Leo Komarov in COLUMBUS zone.
5:37 of 3rd period - Shot by Zdeno Chara.
5:37 of 3rd period - Stopped by Keith Kinkaid without a rebound.
5:38 of 3rd period - Jonathan Toews wins face-off versus Jay Beagle in COLUMBUS zone.
6:03 of 3rd period - Shot by Justin Schultz.
6:03 of 3rd period - Stopped by Keith Kinkaid without a rebound.
6:04 of 3rd period - Joe Pavelski wins face-off versus Jay Beagle in COLUMBUS zone.
6:04 of 3rd period - Ryan Suter is hit by Dustin Byfuglien and loses puck.
6:25 of 3rd period - Shot by Joe Pavelski.
6:25 of 3rd period - Shot Misses the Net.
6:27 of 3rd period - Shot by Joe Pavelski.
6:27 of 3rd period - Goal by Joe Pavelski - COLUMBUS : 2 - OTTAWA : 1.
6:28 of 3rd period - John Tavares wins face-off versus Jonathan Toews in neutral zone.
6:49 of 3rd period - Shot by John Tavares.
6:49 of 3rd period - Stopped by Connor Hellebuyck with a rebound.
7:33 of 3rd period - Ryan Suter is hit by Jaromir Jagr and loses puck.
7:42 of 3rd period - Shot by Aleksander Barkov.
7:42 of 3rd period - Shot Misses the Net.
8:38 of 3rd period - Dominik Simon is hit by Dustin Byfuglien.
9:33 of 3rd period - Shot by Marcus Sorensen.
9:33 of 3rd period - Deflect By Joe Pavelski.
9:33 of 3rd period - Stopped by Keith Kinkaid without a rebound.
9:34 of 3rd period - Jonathan Toews wins face-off versus John Tavares in COLUMBUS zone.
9:52 of 3rd period - Shot by Jonathan Drouin.
9:52 of 3rd period - Shot Misses the Net.
10:01 of 3rd period - Off-side.
10:02 of 3rd period - Viktor Stalberg wins face-off versus Radek Faksa in neutral zone.
10:09 of 3rd period - Shot by Dominik Simon.
10:09 of 3rd period - Shot Misses the Net.
10:26 of 3rd period - Shot by Leo Komarov.
10:26 of 3rd period - Shot Misses the Net.
10:28 of 3rd period - Shot by Leo Komarov.
10:28 of 3rd period - Shot Blocked by Jiri Hudler.
11:03 of 3rd period - Shot by Jonathan Drouin.
11:03 of 3rd period - Deflect By John Tavares.
11:03 of 3rd period - Shot Misses the Net.
11:09 of 3rd period - Shot by Jonathan Drouin.
11:09 of 3rd period - Deflect By John Tavares.
11:09 of 3rd period - Stopped by Connor Hellebuyck without a rebound.
11:10 of 3rd period - Joe Pavelski wins face-off versus Jay Beagle in OTTAWA zone.
11:31 of 3rd period - Shot by Zdeno Chara.
11:31 of 3rd period - Stopped by Keith Kinkaid without a rebound.
11:32 of 3rd period - Jonathan Toews wins face-off versus John Tavares in COLUMBUS zone.
11:39 of 3rd period - Shot by Jonathan Toews.
11:39 of 3rd period - Deflect By Jordan Eberle.
11:39 of 3rd period - Shot Hit the Post.
11:49 of 3rd period - Shot by Jonathan Toews.
11:49 of 3rd period - Stopped by Keith Kinkaid without a rebound.
11:50 of 3rd period - Joe Pavelski wins face-off versus Mark Letestu in COLUMBUS zone.
12:05 of 3rd period - Shot by Joe Pavelski.
12:05 of 3rd period - Stopped by Keith Kinkaid without a rebound.
12:06 of 3rd period - John Tavares wins face-off versus Jonathan Toews in COLUMBUS zone.
12:11 of 3rd period - Shot by Jordan Eberle.
12:11 of 3rd period - Shot Misses the Net.
12:15 of 3rd period - Shot by Nick Foligno.
12:15 of 3rd period - Goal by Nick Foligno - COLUMBUS : 2 - OTTAWA : 2.
12:16 of 3rd period - Mark Letestu wins face-off versus Joe Pavelski in neutral zone.
12:29 of 3rd period - Shot by Joe Pavelski.
12:29 of 3rd period - Shot Misses the Net.
12:31 of 3rd period - Shot by Joe Pavelski.
12:31 of 3rd period - Shot Misses the Net.
12:33 of 3rd period - Shot by Joe Pavelski.
12:33 of 3rd period - Shot Misses the Net.
13:23 of 3rd period - Shot by Jonathan Toews.
13:23 of 3rd period - Goal by Jonathan Toews - COLUMBUS : 2 - OTTAWA : 3.
13:24 of 3rd period - John Tavares wins face-off versus Dominik Simon in neutral zone.
13:33 of 3rd period - Shot by Jiri Hudler.
13:33 of 3rd period - Stopped by Keith Kinkaid without a rebound.
13:34 of 3rd period - Jonathan Toews wins face-off versus Aleksander Barkov in COLUMBUS zone.
13:37 of 3rd period - Shot by Jonathan Toews.
13:37 of 3rd period - Shot Misses the Net.
13:48 of 3rd period - Icing by Max Domi.
13:49 of 3rd period - Aleksander Barkov wins face-off versus Dominik Simon in COLUMBUS zone.
14:10 of 3rd period - Shot by Max Domi.
14:10 of 3rd period - Goal by Max Domi - COLUMBUS : 3 - OTTAWA : 3.
14:11 of 3rd period - Joe Pavelski wins face-off versus Jonathan Drouin in neutral zone.
14:11 of 3rd period - Justin Schultz is hit by Jonathan Drouin and loses puck.
14:30 of 3rd period - Shot by John Tavares.
14:30 of 3rd period - Shot Blocked by Joe Pavelski.
14:32 of 3rd period - Shot by Ben Chiarot.
14:32 of 3rd period - Goal by Ben Chiarot - COLUMBUS : 4 - OTTAWA : 3.
14:33 of 3rd period - Radek Faksa wins face-off versus Jonathan Toews in neutral zone.
15:06 of 3rd period - Shot by Jonathan Toews.
15:06 of 3rd period - Shot Blocked by Mark Letestu.
15:35 of 3rd period - Ryan Suter is hit by Leo Komarov.
15:48 of 3rd period - Icing by Jonathan Toews.
15:49 of 3rd period - Jonathan Toews wins face-off versus John Tavares in OTTAWA zone.
16:04 of 3rd period - Shot by John Tavares.
16:04 of 3rd period - Stopped by Connor Hellebuyck with a rebound.
18:01 of 3rd period - Shot by Marcus Sorensen.
18:01 of 3rd period - Stopped by Keith Kinkaid without a rebound.
18:02 of 3rd period - Radek Faksa wins face-off versus Jonathan Toews in COLUMBUS zone.
18:41 of 3rd period - Shot by Jordan Eberle.
18:41 of 3rd period - Deflect By Jonathan Toews.
18:41 of 3rd period - Goal by Jonathan Toews - COLUMBUS : 4 - OTTAWA : 4.
18:42 of 3rd period - Joe Pavelski wins face-off versus John Tavares in neutral zone.
18:45 of 3rd period - Shot by Zach Bogosian.
18:45 of 3rd period - Stopped by Keith Kinkaid with a rebound.
18:47 of 3rd period - Shot by Zach Bogosian.
18:47 of 3rd period - Shot Misses the Net.
19:07 of 3rd period - Shot by Jonathan Drouin.
19:07 of 3rd period - Stopped by Connor Hellebuyck without a rebound.
19:08 of 3rd period - Aleksander Barkov wins face-off versus Bogdan Yakimov in OTTAWA zone.
19:11 of 3rd period - Shot by Jaromir Jagr.
19:11 of 3rd period - Stopped by Connor Hellebuyck without a rebound.
19:12 of 3rd period - Jordan Eberle wins face-off versus Aleksander Barkov in OTTAWA zone.
Goals for this period are 2 for COLUMBUS vs 4 for OTTAWA.
Shots for this period are 9 for COLUMBUS vs 15 for OTTAWA.

Overtime #1


0:01 of 1st overtime period - John Tavares wins face-off versus Viktor Stalberg in neutral zone.
0:10 of 1st overtime period - Shot by John Tavares.
0:10 of 1st overtime period - Shot Misses the Net.
0:28 of 1st overtime period - Shot by Jonathan Drouin.
0:28 of 1st overtime period - Shot Misses the Net.
0:54 of 1st overtime period - Icing by Zdeno Chara.
0:55 of 1st overtime period - Joe Pavelski wins face-off versus John Tavares in OTTAWA zone.
0:57 of 1st overtime period - Icing by Ryan Suter.
0:58 of 1st overtime period - Viktor Stalberg wins face-off versus John Tavares in OTTAWA zone.
1:45 of 1st overtime period - Jaromir Jagr is hit by Nick Foligno and loses puck.
2:56 of 1st overtime period - Shot by Jonathan Drouin.
2:56 of 1st overtime period - Stopped by Connor Hellebuyck without a rebound.
2:57 of 1st overtime period - John Tavares wins face-off versus Jiri Hudler in OTTAWA zone.
3:00 of 1st overtime period - Shot by John Tavares.
3:00 of 1st overtime period - Stopped by Connor Hellebuyck without a rebound.
3:01 of 1st overtime period - John Tavares wins face-off versus Jiri Hudler in OTTAWA zone.
3:17 of 1st overtime period - Icing by Ryan Suter.
3:18 of 1st overtime period - Joe Pavelski wins face-off versus John Tavares in OTTAWA zone.
3:38 of 1st overtime period - Icing by Mattias Ekholm.
3:39 of 1st overtime period - John Tavares wins face-off versus Viktor Stalberg in COLUMBUS zone.
4:31 of 1st overtime period - Icing by Aleksander Barkov.
4:32 of 1st overtime period - Aleksander Barkov wins face-off versus Jordan Eberle in COLUMBUS zone.
4:43 of 1st overtime period - Shot by Jaromir Jagr.
4:43 of 1st overtime period - Stopped by Connor Hellebuyck without a rebound.
4:44 of 1st overtime period - Jordan Eberle wins face-off versus John Tavares in OTTAWA zone.
Goals for this period are 0 for COLUMBUS vs 0 for OTTAWA.
Shots for this period are 3 for COLUMBUS vs 0 for OTTAWA.

ShootOut


5:00 of 1st overtime period - Penalty Shot by Dustin Byfuglien for COLUMBUS.
5:00 of 1st overtime period - Shot Misses the Net.
5:00 of 1st overtime period - Penalty Shot by Jiri Hudler for OTTAWA.
5:00 of 1st overtime period - Stopped by Keith Kinkaid.
5:00 of 1st overtime period - Penalty Shot by John Tavares for COLUMBUS.
5:00 of 1st overtime period - Goal by John Tavares.
5:00 of 1st overtime period - Penalty Shot by Joe Pavelski for OTTAWA.
5:00 of 1st overtime period - Stopped by Keith Kinkaid.
5:00 of 1st overtime period - Penalty Shot by Aleksander Barkov for COLUMBUS.
5:00 of 1st overtime period - Stopped by Connor Hellebuyck.
5:00 of 1st overtime period - Penalty Shot by Jordan Eberle for OTTAWA.
5:00 of 1st overtime period - Stopped by Keith Kinkaid.